 Dungeon Crawl Stone Soup version 0.30-a0-168-g0b976cbdc4 (webtiles) character file.

Game seed: 18294182379222936820

3385 lorenzova the Thaumaturge (level 9, -7/45 HPs)
             Began as a Deep Elf Conjurer on Sept 29, 2022.
             Was a Follower of Vehumet.
             Mangled by a vampire (8 damage)
             ... on level 9 of the Dungeon.
             The game lasted 00:29:53 (11790 turns).

lorenzova the Thaumaturge (Deep Elf Conjurer)      Turns: 11790, Time: 00:29:53

Health: -7/45      AC:  5    Str:  4    XL:     9   Next: 74%
Magic:  24/28      EV: 11    Int: 28    God:    Vehumet [*.....]
Gold:   331        SH:  0    Dex: 13    Spells: 20/34 levels left

rFire   + . .      SeeInvis .    (no weapon)
rCold   . . .      Faith    .    (no shield)
rNeg    . . .      Spirit   .    y - +2 leather armour {rPois}
rPois   +          Reflect  .    (no helmet)
rElec   .          Harm     .    C - scarf {repulsion}
rCorr   .          Rampage  .    (no gloves)
Will    .....                    (no boots)
Stlth   +.........               (no amulet)
HPRegen 0.15/turn                s - ring of wizardry
MPRegen 0.21/turn                E - ring of protection from fire

@: confused, repel missiles
A: no striking features
a: Renounce Religion


You were on level 9 of the Dungeon.
You worshipped Vehumet.
Vehumet was aware of your devotion.
You visited 2 branches of the dungeon, and saw 10 of its levels.
You also visited: Ossuary.

You collected 477 gold pieces.
You spent 146 gold pieces at shops.

Inventory:

Missiles
 K - 2 throwing nets
Armour
 y - a +2 leather armour of poison resistance (worn)
 C - a scarf of repulsion (worn)
Magical Staves
 u - a staff of cold
Jewellery
 s - a ring of wizardry (left hand)
 D - an amulet of guardian spirit
 E - a ring of protection from fire (right hand)
Wands
 n - a wand of mindburst (18)
 o - a wand of iceblast (7)
 I - a wand of paralysis (4)
Scrolls
 f - 5 scrolls of amnesia
 g - 6 scrolls of fear
 h - 5 scrolls of teleportation
 k - 2 scrolls of vulnerability {unknown}
 l - a scroll of butterflies {unknown}
 q - 4 scrolls of blinking
 t - a scroll of torment {unknown}
 v - a scroll of poison {unknown}
 w - a scroll of brand weapon {unknown}
 x - 2 scrolls of summoning {unknown}
 z - 2 scrolls of magic mapping
 A - a scroll of enchant weapon {unknown}
 B - 2 scrolls of silence {unknown}
Potions
 b - a potion of magic
 c - a potion of heal wounds
 d - 7 potions of attraction
 e - 2 potions of brilliance {unknown}
 i - 2 potions of flight
 j - 5 potions of curing
 m - 3 potions of ambrosia
 p - 5 potions of might
 r - a potion of mutation {unknown}
 F - 2 potions of cancellation {unknown}
 G - 3 potions of degeneration {unknown}
 H - a potion of lignification {unknown}
 J - a potion of invisibility {unknown}
 L - 2 potions of berserk rage {unknown}
 M - a potion of resistance {unknown}


   Skills:
 - Level 2.4 Dodging
 - Level 2.4 Stealth
 * Level 13.0 Spellcasting
 * Level 11.6 Conjurations
 + Level 0.0 Hexes
 + Level 0.0 Translocations
 * Level 0.0 Air Magic


You had 20 spell levels left.
You knew the following spells:

 Your Spells              Type           Power      Damage    Failure   Level
a - Magic Dart            Conj           100%       1d8       1%          1
b - Searing Ray           Conj           100%       2d8       1%          2
c - Iskenderun's Mystic   Conj/Tloc      50%        2d11      1%          4
d - Fulminant Prism       Conj/Hex       25%        3d14      1%          4
j - Swiftness             Air            18%        N/A       6%          3

Your spell library contained the following spells:

 Spells                   Type           Power      Damage    Failure   Level
 Kiss of Death            Conj/Necr      100%       2d13      1%          1
 Shock                    Conj/Air       100%       1d9       1%          1
 Dazzling Flash           Conj/Hex       100%       N/A       1%          3
 Stone Arrow              Conj/Erth      100%       3d13      1%          3
 Sandblast                Erth           36%        2d10      2%          1
 Passwall                 Tmut/Erth      15%        N/A       3%          2
 Ignite Poison            Fire/Tmut/Pois 18%        N/A       6%          3
 Ozocubu's Armour         Ice            18%        N/A       6%          3
 Spider Form              Tmut/Pois      18%        N/A       6%          3
 Vampiric Draining        Necr           18%        2d7       6%          3
 Airstrike                Air            9%         2d(2-18)  21%         4
 Eringya's Noxious Bog    Tmut/Pois      9%         N/A       95%         6
 Ozocubu's Refrigeration  Ice            9%         4d9       100%        7


Dungeon Overview and Level Annotations

Branches:
Dungeon (9/15)             Temple (1/1) D:5         Ossuary (visited)
   Lair: D:8-11         Orc: D:9-12

Altars:
Ashenzari
Cheibriados
Dithmenos
Elyvilon
Fedhas
Gozag
Hepliaklqana
Kikubaaqudgha
Makhleb
Nemelex Xobeh
Okawaru
Qazlal
Ru
Sif Muna
Trog
Uskayaw
Vehumet
Wu Jian
Xom
Yredelemnul
Zin
The Shining One

Shops:
D:1 *   D:6 [

Annotations:
D:7 2 transporters, QuickerDeath's ghost, novice PaFi
D:9 3 runed translucent doors


Message History

Unknown command.
Casting: Fulminant Prism (dangerous; 1% risk of failure)
Confirm with . or Enter, or press ? or * to list all spells.
Aiming: Magic Dart (safe; 1% risk of failure)
Press: ? - help, Shift-Dir - straight line, f - vampire
Aim: a vampire (severely damaged, 100% to hit)
The magic dart hits the vampire but does no damage.
The vampire is severely damaged.
The vampire casts a spell at you.
You are confused.
The vampire gestures at you while chanting.
You are more confused.
The vampire casts a spell at you.
You are more confused.
The vampire mumbles some strange words.
The vampire flickers and vanishes!
Deactivating autopickup; reactivate with Ctrl-A.
You bump into the rock wall.
You are more confused.
You bump into the rock wall.
You are more confused.
You bump into the rock wall.
You barely miss something. Something hits you. Something bites you.
Something draws strength from your injuries!
You bump into the rock wall.
Something hits you! Something bites you but does no damage.
Something draws life force from you!
You bump into the rock wall.
Something hits you. Something bites you.
Something draws strength from your injuries!
Something hits you.
* * * LOW HITPOINT WARNING * * *
Something bites you!
* * * LOW HITPOINT WARNING * * *
Something draws strength from your injuries!
Unknown command.
Something hits you.
* * * LOW HITPOINT WARNING * * *
Something bites you but does no damage. Something hits you but does no damage.
Something bites you!
You die...

#...## ## #.... ##.#
#. #.... ##...##....
#... ##.......##..###+
#.......# #.....
##......## ###...
#........## ####
#@........### # #
##{......_...###### #.
##..#............##.
#..
###..###.........#.##.
....### ##..###
#._..⌠....#.##.
.......###..##
#...........#..
..V....#...##
##....._.......
.........###
#....(........
........##
###.......<...


There were no monsters in sight!

Vanquished Creatures
  Eustachio (D:4)
  A steam dragon (D:6)
  A water moccasin (D:8)
  A black bear (D:5)
  2 sky beasts (D:7)
  2 orc warriors
  An ice beast (D:6)
  3 ogres
  3 centaurs
  3 phantoms
  A bullfrog (D:8)
  3 necrophages
  A scorpion (D:5)
  6 wights (D:7)
  A howler monkey (D:4)
  4 hounds
  A jelly (D:8)
  3 orc priests
  4 gnoll boudas
  2 iguanas
  9 orc wizards
  A mummy (Ossuary)
  18 gnolls
  11 adders
  2 white imps
  3 ufetubi
  2 worms
  2 dart slugs
  20 orcs
  2 spectral bats (Ossuary)
  6 endoplasms
  4 giant cockroaches
  12 gnoll zombies (Ossuary)
  10 hobgoblins
  8 jackals
  5 kobolds
  3 quokkas (D:2)
  3 ball pythons (D:1)
  12 bats
  4 bat simulacra (Ossuary)
  3 frilled lizards
  6 goblins
  A goblin simulacrum (Ossuary)
  7 goblin zombies (Ossuary)
  3 hobgoblin zombies (Ossuary)
  4 kobold simulacra (Ossuary)
  4 kobold zombies (Ossuary)
  4 orc zombies (Ossuary)
  6 rats
  4 rat simulacra (Ossuary)
  5 spectral goblins (Ossuary)
  3 spectral kobolds (Ossuary)
231 creatures vanquished.

Vanquished Creatures (others)
  22 fulminant prisms
22 creatures vanquished.

Grand Total: 253 creatures vanquished

Notes
Turn   | Place    | Note
-------+----------+-------------------------------------------
     0 | D:1      | lorenzova the Deep Elf Conjurer began the quest for the
                  | Orb.
     0 | D:1      | Reached XP level 1. HP: 10/10 MP: 6/6
   131 | D:1      | Found a faded altar of an unknown god.
   290 | D:1      | Reached XP level 2. HP: 15/15 MP: 2/8
   293 | D:1      | Learned a level 2 spell: Searing Ray
   418 | D:1      | Found Sassezi's General Store.
   479 | D:1      | Bought a scroll of identify for 26 gold pieces
   852 | D:2      | Reached skill level 4 in Spellcasting
   996 | D:2      | Reached skill level 5 in Conjurations
   996 | D:2      | Reached XP level 3. HP: 17/19 MP: 4/10
  1233 | D:2      | Noticed a necrophage
  1243 | D:2      | Killed a necrophage
  1244 | D:2      | Reached skill level 5 in Spellcasting
  1244 | D:2      | Reached XP level 4. HP: 18/24 MP: 1/13
  1434 | D:2      | Found a sparkling altar of Nemelex Xobeh.
  1832 | D:2      | Reached XP level 5. HP: 28/28 MP: 7/14
  2848 | D:3      | Learned a level 4 spell: Iskenderun's Mystic Blast
  2853 | D:3      | Learned a level 4 spell: Fulminant Prism
  3199 | D:4      | Reached skill level 6 in Spellcasting
  3321 | D:4      | Noticed Eustachio
  3496 | D:4      | Found a sand-covered staircase.
  3508 | Ossuary  | Entered an ossuary
  3513 | Ossuary  | Learned a level 3 spell: Swiftness
  3704 | Ossuary  | Reached XP level 6. HP: 32/32 MP: 13/17
  4779 | D:4      | Killed Eustachio
  4780 | D:4      | Reached skill level 7 in Spellcasting
  5336 | D:4      | Reached XP level 7. HP: 36/36 MP: 14/19
  5469 | D:4      | Reached skill level 8 in Spellcasting
  5634 | D:4      | You fall into a shaft and drop 2 floors!
  5641 | D:5      | Entered Level 5 of the Dungeon
  5900 | D:5      | Found a staircase to the Ecumenical Temple.
  5906 | Temple   | Entered the Ecumenical Temple
  6049 | D:4      | Found a sacrificial altar of Ru.
  6772 | D:5      | Reached skill level 9 in Spellcasting
  6778 | D:5      | Reached XP level 8. HP: 41/41 MP: 9/23
  7438 | D:5      | Found a sparkling altar of Nemelex Xobeh.
  7812 | D:6      | Reached skill level 10 in Spellcasting
  8289 | D:6      | Found a radiant altar of Vehumet.
  8299 | D:6      | Became a worshipper of Vehumet
  8597 | D:6      | Found Yfeefoa's Armour Shoppe.
  8602 | D:6      | Bought a scarf of repulsion for 120 gold pieces
  8679 | D:6      | Reached skill level 11 in Spellcasting
  8906 | D:6      | Reached skill level 10 in Conjurations
  9234 | D:7      | Reached XP level 9. HP: 45/45 MP: 18/26
  9489 | D:7      | Found a transporter.
  9494 | D:7      | Noticed QuickerDeath's ghost (novice PaFi)
  9509 | D:7      | Found a transporter.
  9975 | D:7      | Found a basalt altar of Yredelemnul.
  9975 | D:7      | Found a hide-covered altar of Uskayaw.
 10009 | D:7      | Reached skill level 12 in Spellcasting
 10018 | D:7      | Reached * piety under Vehumet
 10018 | D:7      | Offered knowledge of Kiss of Death by Vehumet.
 10857 | D:8      | Got the Lectures on Pestilent Death
 11264 | D:8      | Reached skill level 13 in Spellcasting
 11312 | D:8      | Found a shimmering blue altar of Sif Muna.
 11698 | D:9      | Found a runed translucent gate.
 11698 | D:9      | Found a runed translucent gate.
 11698 | D:9      | Found a runed translucent gate.
 11711 | D:9      | Found an iron altar of Okawaru.
 11713 | D:9      | Found a shadowy altar of Dithmenos.
 11736 | D:9      | Found a hazy altar of Hepliaklqana.
 11789 | D:9      | HP: 1/45 [something (2)]
 11790 | D:9      | Mangled by a vampire

Illustrated notes

Levels and vault maps discovered:
D:1:      dpeg_arrival_simpleton_a, layout_rooms,
          shapermc_ecumenical_altar_acropolis, serial_shops,
          nicolae_shop_statue_plus, minmay_statues_item
D:2:      layout_loops_ring, basic_altar, chequers_serial_rivers_room_b
D:3:      layout_basic
D:4:      minmay_bubble_buster, layout_cave_pools,
          nicolae_overflow_hidden_temple, nicolae_ossuary_entry_ruins,
          dk_vineyard_1, uniq_eustachio
D:5:      layout_layer_cave, nemelex_dance_club_becter,
          minmay_temple_entry_butterflies
D:6:      layout_basic, nicolae_vehumet_radiance, serial_shops, shop
D:7:      layout_loops_ring, nicolae_overflow_two_pavilions,
          gammafunk_ghost_stat_death, minmay_fractal_squares_diagonal_5
D:8:      layout_loops_ring, led_sif_pool
D:9:      layout_cave_pods, grunt_temple_overflow_open, gammafunk_ghost_icy,
          uniq_erica
Temple:   nicolae_temple_ecumenical_triangle

Skill      XL: |  1  2  3  4  5  6  7  8  9 |
---------------+----------------------------+-----
Spellcasting   | 4 5 6 7 9 11 13 | 13.0
Conjurations   | 5 6 7 8 10 11 | 11.6
Dodging        | |  2.4
Stealth        | |  2.4

Action                   |  1- 3 |  4- 6 |  7- 9 || total
-------------------------+-------+-------+-------++-------
Melee: Unarmed           |       |       |     1 ||     1
 Cast: Magic Dart        |    56 |   223 |   124 ||   403
       Searing Ray       |     2 |    11 |    29 ||    42
       Iskenderun's Myst |       |       |    36 ||    36
       Fulminant Prism   |       |       |    22 ||    22
       Swiftness         |       |       |     1 ||     1
  Use: Scroll            |     2 |     4 |     6 ||    12
Armor: Robe              |     2 |     6 |     4 ||    12
       Leather armour    |       |       |     3 ||     3
Dodge: Dodged            |     1 |    28 |    24 ||    53
       Repelled          |       |       |     2 ||     2

Table legend: (Time is in decaauts)
 A = Elapsed time spent in this place.
 B = Non-inter-level travel time spent in this place.
 C = Inter-level travel time spent in this place.
 D = Time resting spent in this place.
 E = Time spent auto-exploring this place.
 F = Levels seen in this place.
 G = Mean time per level.
                   A        B        C        D        E       F      G
               +--------+--------+--------+--------+--------+-----+--------+
         Total |  11799 |  11475 |    324 |   5357 |   4351 |  11 | 1072.6 |
       Dungeon |  10516 |  10209 |    307 |   4528 |   4268 |   9 | 1168.4 |
        Temple |     43 |     26 |     17 |      0 |     18 |   1 |   43.0 |
       Ossuary |   1238 |   1238 |      0 |    829 |     65 |   1 | 1238.0 |
               +--------+--------+--------+--------+--------+-----+--------+

Top non-repeatable levels by time:
     D:5: 2122 daAuts
     D:4: 1455 daAuts
     D:6: 1324 daAuts
     D:7: 1289 daAuts
     D:3: 1245 daAuts
 Ossuary: 1238 daAuts
     D:2: 1227 daAuts
     D:8: 966 daAuts
     D:1: 786 daAuts
     D:9: 99 daAuts
  Temple: 43 daAuts
